 Dungeon Crawl Stone Soup version 0.17.2 (webtiles) character file.

290 Goblin1989 the Ruffian (level 6, -4/44 HPs)
             Began as a Demonspawn Gladiator on July 7, 2016.
             Killed from afar by Sigmund (11 damage)
             ... with a magic dart
             ... on level 2 of the Dungeon.
             The game lasted 00:08:47 (2425 turns).

Goblin1989 the Ruffian (Demonspawn Gladiator)       Turns: 2425, Time: 00:08:48

Health: -4/44      AC:  4    Str: 18    XL:     6   Next: 9%
Magic:  6/6        EV: 18    Int:  9    God:
Gold:   137        SH:  0    Dex: 18    Spells: 0 memorised, 5 levels left

rFire  . . .     SeeInvis .       - Unarmed
rCold  . . .     Clarity  .     b - +0 leather armour
rNeg   . . .     SustAt   .     (no shield)
rPois  .         Gourm    .     c - +0 helmet
rElec  .         Spirit   .     (no cloak)
rCorr  .         Warding  .     (no gloves)
rMut   .         Stasis   .     (no boots)
MR     .....                    (no amulet)
Stlth  ++........               (no ring)
                                (no ring)

@: agile, not resistant to hostile enchantments, unstealthy
A: claws 1, powered by death 2
a: no special abilities


You were on level 2 of the Dungeon.
You were not hungry.

You visited 1 branch of the dungeon, and saw 3 of its levels.

You collected 137 gold pieces.

Inventory:

Hand Weapons
 a - a +0 flail
Missiles
 d - 3 throwing nets (quivered)
 r - 29 stones
Armour
 b - a +0 leather armour (worn)
 c - a +0 helmet (worn)
 j - a +0 plate armour
Wands
 o - a wand of confusion (15)
 w - a wand of fire (10)
Scrolls
 f - 2 scrolls of teleportation
 i - a scroll of blinking {unknown}
 m - 2 scrolls of enchant armour {unknown}
 n - 2 scrolls of remove curse {unknown}
 x - a scroll of magic mapping {unknown}
Potions
 h - a potion of cancellation
 k - a potion of might
 l - a potion of haste {unknown}
 s - a potion of degeneration {unknown}
 t - 2 potions of flight
 v - a potion of resistance
 z - a potion of curing {unknown}
Comestibles
 e - 2 bread rations
 g - a royal jelly
 p - a meat ration


   Skills:
 - Level 2.0 Fighting
 - Level 3.2 Maces & Flails
 - Level 1.7 Throwing
 - Level 2.6 Dodging
 + Level 5.1 Unarmed Combat


You had 5 spell levels left.
You didn't know any spells.

Dungeon Overview and Level Annotations

Branches:
Dungeon (3/15)

Altars:

Annotations:
D:2 Sigmund


Innate Abilities, Weirdness & Mutations

You have sharp fingernails.
You regenerate health from kills.


Message History

You take 8 damage, and have 24/44 hp.
You barely miss something.
You feel less regenerative. Something hits you.
You take 4 damage, and have 21/44 hp.
You feel less confused. Something hits you but does no damage.
Something hits you!
You take 7 damage, and have 14/44 hp.
Something hits you!
* * * LOW HITPOINT WARNING * * *
You take 8 damage, and have 6/44 hp.
You scratch something but do no damage.
Drink which item? (? for menu, Esc to quit)
It was a potion of agility.
You feel agile all of a sudden.
You hear some strange, mumbled words.
A magic dart appears from out of thin air!
The magic dart hits you!
You die...

#.#.........#.# #.#
#.#.........#.### #.#
#.#.............####.#####
#.#........(...........>.#
#.#.........#.##.#.#.##..#
............#.##.#.#.##..########
#.#.........#...................#
#.##..#.###.#..#.#............#.#
#.##...........{@....##....##.#.#
#..............########..#.##...#
...............# #.##.##..##
######.>####.#.# #.##.##..#
#..###....##### ##.##.##..#
#..##..........##..##.##..##
#..#........##..............
#............#.##..#......##
#.............. #. #...##.#


There were no monsters in sight!

Vanquished Creatures
  A scorpion (D:3)
  2 orc wizards (D:3)
  Natasha (D:2)
  Robin (D:3)
  5 adders
  An ooze (D:3)
  3 giant geckos
  4 orcs (D:3)
  10 hobgoblins
  9 jackals
  4 kobolds
  2 quokkas
  5 bats
  3 giant cockroaches
  3 giant newts
  21 goblins
  16 rats
91 creatures vanquished.

Notes
Turn   | Place    | Note
--------------------------------------------------------------
     0 | D:1      | Goblin1989 the Demonspawn Gladiator began the quest for the Orb.
     0 | D:1      | Reached XP level 1. HP: 16/16 MP: 1/1
    28 | D:1      | Reached skill level 3 in Maces & Flails
    82 | D:1      | Gained mutation: You have sharp fingernails. [demonic ancestry]
    82 | D:1      | Reached XP level 2. HP: 22/22 MP: 2/2
   284 | D:1      | Reached skill level 1 in Unarmed Combat
   831 | D:2      | Reached XP level 3. HP: 27/27 MP: 3/3
   972 | D:2      | Noticed Natasha
   978 | D:2      | Killed Natasha
  1242 | D:2      | Gained mutation: You regenerate a little health from kills. [demonic ancestry]
  1242 | D:2      | Reached XP level 4. HP: 31/33 MP: 4/4
  1250 | D:2      | Noticed Sigmund
  1689 | D:3      | HP: 1/33 [poisoned by a scorpion]
  1693 | D:3      | Reached skill level 4 in Unarmed Combat
  1693 | D:3      | Gained mutation: You regenerate health from kills. [demonic ancestry]
  1693 | D:3      | Reached XP level 5. HP: 16/38 MP: 5/5
  1876 | D:3      | Noticed Robin
  1896 | D:3      | Killed Robin
  2055 | D:3      | Reached skill level 5 in Unarmed Combat
  2055 | D:3      | Reached XP level 6. HP: 44/44 MP: 6/6
  2425 | D:2      | Killed from afar by Sigmund

Action                   |  1- 3 |  4- 6 || total
-------------------------+-------+-------++-------
Melee: Flail             |   153 |     7 ||   160
       Unarmed           |       |   152 ||   152
Throw: Throwing net      |       |     1 ||     1
  Use: Potion            |       |     4 ||     4
       Scroll            |       |     3 ||     3
 Stab: Sleeping          |     1 |     1 ||     2
  Eat: Chunk             |       |     5 ||     5
